AoeStats
← Dippy Eggs

Black Forest

504825136Analyzed
4v4 RM · 26d ago on Sep 6, 2026· 50m 28s· 8 players
Game mode
Random Map
Map size
Large (8 player)
Population
200
Speed
Normal
Resources
Standard
Victory
Conquest
Starting age
Dark Age
Ending age
Imperial Age
RankedLock teamsTeams togetherTeam positionsShared explorationLock speedFull tech treeHidden civsTurbo modeCheats
Victory
Defeat
🇺🇸 Franks · United States
1075
+15
🇲🇽 Hindustanis · Mexico
1053
+16
🇩🇪 Armenians · Germany
1024
+17
🇹🇷 Tatars · Türkiye
1001
+18
🇪🇨 Celts · Ecuador
1070
-17
🇲🇽 Bohemians · Mexico
1051
-17
🇬🇧 Franks · United Kingdom
1037
-16
🇺🇸 Turks · United States
1030
-16
Dippy Eggs
2:35 Loom
12:36 Feudal Age
14:19 Loom
19:21 Castle Age
18:34 Bloodlines
18:49 Forging
18:46 Scale Barding Armor
18:58 Double-Bit Axe
18:57 Horse Collar
21:17 Wheelbarrow
21:00 Bow Saw
21:02 Gold Mining
32:15 Imperial Age
30:53 Caravan
31:41 Gold Shaft Mining
31:00 Stone Mining
31:12 Heavy Plow
31:45 Husbandry
33:59 Hand Cart
37:17 Conscription
37:41 Chain Barding Armor
37:57 Iron Casting
38:54 Two-Man Saw
39:24 Artillery
41:22 Blast Furnace
40:57 Plate Barding Armor
henry2992
1:34 Loom
13:01 Feudal Age
17:18 Castle Age
17:05 Double-Bit Axe
19:20 Bow Saw
24:07 Wheelbarrow
25:26 Horse Collar
27:16 Heavy Plow
33:19 Imperial Age
31:13 Hand Cart
31:19 Hand Cart
32:10 Stone Mining
32:10 Gold Mining
33:47 Stone Shaft Mining
34:37 Town Watch
35:50 Gold Shaft Mining
35:10 Pikeman
36:02 Halberdier
36:47 Heavy Scorpion
37:58 Conscription
37:50 Scale Mail Armor
38:01 Forging
38:41 Cavalier
41:13 Chain Mail Armor
41:34 Iron Casting
41:48 Capped Ram
41:52 Onager
43:21 Furor Celtica
43:24 Siege Ram
48:04 Light Cavalry
EcosMin7
0:33 Loom
15:09 Feudal Age
19:21 Castle Age
21:46 Double-Bit Axe
25:10 Wheelbarrow
26:25 Horse Collar
28:20 Town Watch
29:19 Heavy Plow
33:26 Imperial Age
31:51 Redemption
32:16 Hand Cart
33:05 Bow Saw
34:08 Chemistry
35:56 Conscription
35:03 Elite Hussite Wagon
36:40 Wagenburg Tactics
37:23 Houfnice
38:37 Ballistics
39:23 Bombard Tower
39:00 Murder Holes
39:18 Fortified Wall
40:31 Two-Man Saw
robertcristiann
6:05 Loom
12:01 Feudal Age
16:56 Castle Age
15:22 Double-Bit Axe
16:05 Stone Mining
16:40 Gold Mining
22:55 Wheelbarrow
26:03 Hand Cart
27:06 Bow Saw
31:03 Imperial Age
30:23 Gold Shaft Mining
30:03 Husbandry
31:00 Forging
30:56 Scale Barding Armor
31:10 Cavalier
32:22 Conscription
32:45 Iron Casting
32:42 Paladin
34:46 Blast Furnace
35:08 Chain Barding Armor
35:21 Caravan
37:26 Plate Barding Armor
43:33 Light Cavalry
47:04 Fortified Wall
47:17 Scale Mail Armor
47:22 Pikeman
48:03 Squires
47:51 Halberdier
49:05 Fletching
49:30 Chain Mail Armor
Target Him9038
7:53 Loom
11:31 Feudal Age
12:25 Double-Bit Axe
14:28 Wheelbarrow
17:47 Castle Age
17:32 Gold Mining
19:49 Bow Saw
27:54 Gold Shaft Mining
31:10 Imperial Age
28:58 Forging
28:53 Husbandry
31:44 Iron Casting
31:16 Scale Barding Armor
32:25 Hand Cart
31:35 Cavalier
32:26 Scale Barding Armor
33:24 Blast Furnace
32:22 Stone Mining
33:19 Caravan
34:15 Chain Barding Armor
33:28 Paladin
34:39 Town Watch
36:05 Plate Barding Armor
38:05 Town Patrol
40:43 Conscription
40:47 Padded Archer Armor
40:38 Fletching
carlosolares
0:47 Loom
11:00 Feudal Age
11:26 Double-Bit Axe
11:48 Horse Collar
19:52 Castle Age
17:51 Stone Mining
18:43 Town Watch
20:46 Bow Saw
20:38 Heavy Plow
30:31 Imperial Age
28:41 Fortified Wall
29:35 Wheelbarrow
29:19 Forging
29:16 Scale Mail Armor
29:55 Masonry
29:43 Gold Mining
32:17 Chemistry
32:19 Two-Man Saw
31:53 Hand Cart
31:11 Heavy Camel Rider
32:19 Conscription
33:08 Town Patrol
32:57 Imperial Camel Rider
33:50 Scale Barding Armor
34:36 Husbandry
34:58 Chain Barding Armor
34:55 Chain Mail Armor
35:49 Siege Engineers
36:37 Plate Barding Armor
36:50 Iron Casting
36:36 Bloodlines
37:02 Light Cavalry
39:29 Blast Furnace
38:46 Hussar
48:45 Gold Shaft Mining
48:28 Onager
49:08 Murder Holes
49:33 Ballistics
Jandei
0:26 Loom
12:35 Feudal Age
13:18 Arson
13:37 Town Watch
14:07 Man-at-Arms
19:56 Castle Age
17:57 Horse Collar
18:34 Stone Mining
18:48 Double-Bit Axe
19:17 Gold Mining
19:47 Fletching
21:17 Padded Archer Armor
22:09 Heavy Plow
23:19 Bow Saw
24:45 Gold Shaft Mining
25:30 Bodkin Arrow
27:55 Squires
27:19 Man-at-Arms
28:37 Wheelbarrow
28:52 Gambesons
32:44 Imperial Age
30:17 Murder Holes
30:51 Scale Mail Armor
31:03 Long Swordsman
31:57 Forging
32:09 Masonry
32:22 Chain Mail Armor
33:49 Conscription
34:33 Chemistry
33:36 Town Patrol
34:42 Ballistics
35:39 Iron Casting
35:52 Two-Handed Swordsman
35:56 Elite Composite Bowman
37:24 Hand Cart
37:43 Plate Mail Armor
36:57 Champion
38:36 Pikeman
40:13 Fortified Wall
41:30 Hoardings
45:48 Bracer
46:27 Leather Archer Armor
48:25 Ring Archer Armor
Feed Me
0:43 Loom
14:00 Feudal Age
14:23 Man-at-Arms
14:49 Arson
15:02 Double-Bit Axe
14:59 Horse Collar
20:15 Gold Mining
23:17 Castle Age
23:00 Stone Mining
23:44 Bloodlines
24:27 Husbandry
24:44 Forging
24:40 Scale Barding Armor
28:08 Heavy Plow
28:55 Wheelbarrow
28:44 Town Watch
29:25 Bow Saw
31:07 Fortified Wall
30:40 Treadmill Crane
31:22 Ballistics
33:01 Gold Shaft Mining
35:09 Imperial Age
33:26 Caravan
35:01 Murder Holes
35:22 Cavalier
36:18 Light Cavalry
37:25 Conscription
38:10 Hand Cart
40:02 Iron Casting
39:51 Chain Barding Armor
41:08 Timurid Siegecraft
41:00 Silk Armor
41:30 Pikeman
42:10 Squires
42:43 Halberdier
45:27 Chemistry
44:42 Hussar
46:49 Blast Furnace
Connection lost

Rejoining the realm…

Still unreachable

The connection could not be restored.

Session expired

The server has moved on; the page needs a fresh start.